Map: Winter Madness LE

Players

Epic

  • Race: Zerg Zerg
  • League: Master
  • Spawn Location: 11:00

RedErt - Winner!

  • Race: Terran Terran
  • League: Master
  • Spawn Location: 5:00

VOD

Have the link to the VOD?

Description

Time

  • Played on: Nov. 15, 2025, 8:41 p.m.
  • Length: 11:55
Show
View Real Time Build Order
Export as new Build Order

Epic Zerg 

Build Orders: Pool First 

Get SALT Encoding   

  12  0:02  Drone  
  13  0:13  Overlord  
  13  0:16  Drone  
  14  0:31  Drone x2  
  16  0:42  Spawning Pool  
  15  0:43  Drone  
  15  0:47  Drone  
  17  1:07  Hatchery  
  17  1:09  Drone  
  17  1:23  Extractor  
  16  1:29  Zergling x6  
  16  1:31  Queen  
  21  1:39  Overlord  
  21  1:51  Drone  
  22  2:03  Drone  
  22  2:07  Queen  
  25  2:14  Drone  
  26  2:20  Queen  
  26  2:21  Drone  
  29  2:26  Metabolic Boost  
  29  2:29  Drone  
  30  2:34  Drone  
  31  2:38  Drone  
  31  2:39  Drone  
  33  2:45  Drone x2  
  33  2:46  Drone  
  36  2:52  Overlord  
  36  3:04  Hatchery  
  35  3:09  Drone  
  35  3:12  Drone x2  
  38  3:13  Drone  
  38  3:16  Drone  
  38  3:18  Drone  
  42  3:20  Drone  
  42  3:23  Drone  
  42  3:24  Drone  
  44  3:27  Overlord  
  44  3:41  Overlord x2  
  44  3:45  Queen  
  45  3:49  Drone x2  
  45  3:50  Drone x3  
  50  4:02  Zergling x12  
  56  4:09  Drone  
  57  4:13  Drone  
  57  4:17  Queen  
  57  4:18  Drone x4  
  57  4:20  Drone  
  63  4:26  Overlord  
  63  4:30  Lair  
  63  4:31  Drone x2  
  63  4:38  Overlord x2  
  65  4:43  Queen  
  67  4:49  Drone x5  
  67  4:52  Zergling x2  
  73  4:58  Queen  
  73  4:59  Zergling x12  
  81  5:05  Drone x6  
  86  5:08  Extractor  
  86  5:09  Baneling Nest  
  86  5:14  Zergling x4  
  82  5:22  Drone  
  82  5:24  Drone x3  
  82  5:25  Drone x2  
  87  5:31  Extractor  
  87  5:32  Drone x3  
  87  5:34  Spore Crawler  
  88  5:37  Hatchery  
  88  5:42  Drone x2, Evolution Chamber  
  89  5:43  Drone, Evolution Chamber  
  89  5:44  Overseer  
  88  5:51  Overlord  
  88  5:52  Overlord x3  
  88  6:00  Zergling x2  
  88  6:03  Centrifugal Hooks  
  89  6:07  Overlord  
  89  6:08  Overlord  
  89  6:10  Zergling x2  
  89  6:11  Zergling x18  
  99  6:13  Queen  
  99  6:14  Zerg Ground Armor Level 1, Zerg Melee Weapons Level 1  
  90  6:29  Zergling x8  
  90  6:30  Zergling x4  
  80  6:44  Drone x10  
  80  6:45  Spire  
  88  6:49  Queen  
  88  6:54  Spore Crawler  
  88  7:00  Drone x5  
  88  7:02  Spore Crawler  
  83  7:08  Spore Crawler  
  83  7:09  Queen  
  83  7:12  Drone x5  
  83  7:14  Spore Crawler  
  88  7:17  Spore Crawler  
  88  7:21  Queen  
  86  7:34  Zergling x14  
  86  7:35  Zergling x14  
  89  7:37  Drone x3  
  89  7:46  Spore Crawler  
  89  7:47  Queen  
  89  7:49  Drone x3  
  89  7:50  Drone x3  
  94  7:53  Corruptor  
  94  7:56  Corruptor  
  97  8:03  Corruptor  
  97  8:05  Corruptor  
  97  8:10  Corruptor  
  97  8:12  Corruptor  
  103  8:18  Corruptor  
  103  8:19  Zergling x2  
  106  8:20  Zergling x6  
  109  8:27  Queen  
  109  8:28  Drone  
  109  8:29  Drone x3  
  106  8:42  Zergling x26  
  106  8:45  Drone  
  111  8:50  Drone  
  111  8:52  Extractor  
  111  8:53  Extractor  
  110  8:58  Zergling x12  
  110  9:00  Roach Warren  
  110  9:01  Baneling x4  
  110  9:02  Baneling x2  
  113  9:03  Zergling x6  
  113  9:07  Zergling x2  
  113  9:08  Zergling x12  
  121  9:14  Zergling x4  
  121  9:23  Drone x2  
  114  9:25  Drone x2  
  114  9:28  Baneling x3  
  114  9:29  Zerg Ground Armor Level 2  
  114  9:30  Zerg Missile Weapons Level 1  
  116  9:31  Drone x2  
  116  9:36  Extractor  
  116  9:37  Hatchery, Drone x3  
  117  9:41  Queen  
  117  9:43  Drone  
  117  9:44  Drone x9  
  121  9:47  Corruptor  
  121  9:49  Corruptor  
  121  9:51  Glial Reconstitution  
  124  9:59  Corruptor  
  119  10:07  Extractor, Corruptor  
  119  10:08  Extractor  
  119  10:10  Zergling x2  
  119  10:11  Roach x4  
  119  10:12  Roach  
  130  10:17  Corruptor  
  130  10:18  Hatchery  
  126  10:24  Drone x10  
  131  10:29  Roach x3  
  134  10:48  Roach  
  134  10:49  Roach x5, Overlord x4  
  141  10:51  Spore Crawler  
  140  11:02  Roach, Overlord  
  140  11:03  Overlord x2  
  142  11:05  Evolution Chamber  
  142  11:07  Evolution Chamber  
  142  11:09  Roach x8  
  152  11:13  Zergling x6  
  153  11:18  Evolution Chamber  
  153  11:24  Drone  
  153  11:25  Drone x5  
  155  11:27  Drone x5  
  178  11:50  Extractor  
  178  11:51  Extractor  
Show
View Real Time Build Order
Export as new Build Order

RedErt Terran - Winner!

Build Orders: Reaper Expand 

Get SALT Encoding   

  12  0:00  SCV  
  13  0:12  SCV  
  14  0:17  Supply Depot  
  14  0:24  SCV  
  15  0:39  SCV  
  15  0:41  Barracks  
  16  0:42  Refinery  
  16  0:51  SCV  
  17  1:03  SCV  
  18  1:15  SCV  
  19  1:28  Orbital Command, Reaper  
  20  1:40  Command Center  
  20  1:50  Supply Depot  
  20  1:54  SCV  
  20  2:00  Marine  
  22  2:06  SCV  
  23  2:14  Factory  
  23  2:18  SCV  
  23  2:22  Barracks Reactor  
  24  2:30  SCV  
  25  2:39  Command Center  
  25  2:43  SCV  
  26  2:53  Orbital Command  
  26  2:57  SCV  
  27  3:03  Refinery  
  27  3:04  Starport  
  27  3:09  SCV  
  30  3:18  Hellion x2  
  32  3:20  Barracks Tech Lab  
  32  3:22  SCV  
  32  3:24  SCV  
  34  3:34  SCV  
  34  3:36  SCV  
  40  3:41  Hellion x2  
  40  3:49  Fusion Core  
  40  3:51  SCV  
  40  3:52  SCV  
  42  3:55  Orbital Command  
  42  3:58  Marine  
  43  4:04  SCV x2  
  49  4:10  Hellion x2  
  49  4:16  SCV  
  53  4:25  SCV x2  
  59  4:31  Hellion x2  
  59  4:32  Orbital Command  
  59  4:34  SCV  
  59  4:37  SCV, Supply Depot  
  58  4:46  SCV  
  58  4:49  SCV  
  60  4:54  Supply Depot  
  60  4:58  SCV, Battlecruiser  
  60  4:59  Hellion  
  69  5:00  Supply Depot  
  69  5:08  Refinery  
  69  5:09  Refinery  
  69  5:11  SCV x3, Hellion  
  70  5:23  SCV x3  
  73  5:32  Hellion  
  73  5:33  Hellion  
  73  5:35  SCV x3, Supply Depot  
  80  5:41  Factory  
  80  5:43  Factory  
  80  5:47  SCV x3  
  83  5:53  Hellion  
  83  5:54  Hellion, Supply Depot  
  87  5:58  Supply Depot  
  87  5:59  SCV x3  
  90  6:06  Supply Depot  
  90  6:08  Battlecruiser  
  96  6:12  SCV x3  
  96  6:18  Weapon Refit  
  99  6:24  SCV x3  
  102  6:28  Factory Tech Lab x2, Hellion x2  
  95  6:36  SCV x3  
  88  6:45  Refinery  
  88  6:46  Supply Depot  
  88  6:48  SCV x3, Supply Depot, Hellion  
  88  6:50  Hellion  
  95  6:55  Refinery  
  95  6:58  Supply Depot  
  95  6:59  Hellion  
  95  7:00  SCV x3  
  100  7:07  Armory  
  100  7:08  Armory  
  100  7:11  Hellion  
  100  7:12  SCV x3, Hellion x2  
  109  7:20  Hellion, Battlecruiser  
  117  7:24  SCV  
  117  7:26  Supply Depot  
  117  7:27  SCV, Supply Depot  
  119  7:32  Hellion, SCV  
  119  7:36  Hellion x2  
  114  7:41  Hellion  
  114  7:42  Factory x2  
  110  7:49  Infernal Pre-Igniter  
  110  7:54  Hellion  
  110  7:55  Command Center  
  110  7:56  Engineering Bay  
  112  8:03  Hellion  
  112  8:05  Hellion x2  
  118  8:07  Terran Vehicle Weapons Level 1, Terran Vehicle And Ship Armor Level 1  
  118  8:08  Mag-Field Accelerator  
  118  8:15  Hellion  
  120  8:24  Hellion  
  120  8:26  Hellion x2, Battlecruiser  
  132  8:37  Hellion  
  134  8:45  Hellion  
  134  8:47  Factory Tech Lab, Hellion  
  134  8:48  Factory Tech Lab, Hellion  
  120  8:55  Sensor Tower  
  120  8:56  Supply Depot  
  120  8:58  Hellion  
  122  9:07  Hellion  
  122  9:09  Hellion x3  
  132  9:10  Hellion  
  132  9:19  Hellion  
  120  9:28  Hellion  
  120  9:30  Hellion x2  
  120  9:31  Hellion x2, Battlecruiser  
  136  9:35  SCV x2  
  138  9:41  Hellion  
  128  9:50  Hellion  
  128  9:51  Factory x2, SCV x2  
  128  9:52  Planetary Fortress, Hellion x4  
  134  10:02  Hellion  
  134  10:06  Smart Servos  
  134  10:11  Hellion  
  134  10:13  Hellion x2  
  134  10:14  Hellion  
  142  10:15  Refinery  
  142  10:16  Refinery  
  142  10:17  Sensor Tower  
  142  10:20  Hellion  
  144  10:24  Hellion  
  144  10:32  Hellion  
  144  10:34  Hellion x2  
  150  10:38  Factory Tech Lab, Factory Reactor  
  150  10:41  Factory  
  150  10:45  Command Center, Hellion  
  150  10:51  Cyclone x2  
  150  10:54  Hellion  
  150  10:55  Cyclone  
  150  10:56  Cyclone  
  170  11:06  Hellion  
  172  11:15  Hellion  
  172  11:16  Cyclone  
  167  11:21  Hellion x2  
  167  11:23  Cyclone x2  
  173  11:28  Hellion  
  179  11:40  Supply Depot  
  179  11:42  Factory Tech Lab  
Tags
 
Add a new tag
Caveats
  • Supply blocks, unpowered buildings, or Contaminate may cause inaccurate times.
  • Supply counts are checked every 10 seconds.